 Dungeon Crawl Stone Soup version 0.19-a0-687-g35db334 (console) character file.

69953 utis the Nimble (level 14, -8/86 HPs)
             Began as a Deep Elf Necromancer on June 10, 2016.
             Was the Champion of Kikubaaqudgha.
             Mangled by an orc warrior
             ... wielding a +0 trident
             ... led by Saint Roka
              (25 damage)
             ... on level 2 of the Orcish Mines on June 20, 2016.
             The game lasted 02:47:38 (38164 turns).

utis the Nimble (Deep Elf Necromancer)             Turns: 38164, Time: 02:47:39

Health: -8/86      AC: 17    Str:  9    XL:     14   Next: 92%
Magic:  29/32      EV: 18    Int: 33    God:    Kikubaaqudgha [******]
Gold:   706        SH:  0    Dex: 15    Spells: 10 memorised, 6 levels left

rFire  . . .     SeeInvis .     o - +4 demon whip (pain)
rCold  . . .     Gourm    +     q - +0 swamp dragon armour
rNeg   . . .     Faith    .     (no shield)
rPois  +         Spirit   .     U - +2 helmet {Int+3}
rElec  .         Dismiss  .     B - +0 cloak {+Inv}
rCorr  .         Reflect  .     x - +2 pair of gloves
SustAt .         Harm     .     k - +0 pair of boots
MR     ++...                    D - amulet of the gourmand
Stlth  ++........               I - +3 ring of intelligence
                                M - ring of protection from magic

@: brilliant, about to teleport, regenerating (expiring), very resistant to
hostile enchantments, unstealthy
A: no striking features
a: Receive Corpses, Torment, Renounce Religion, Evoke Invisibility


You were on level 2 of the Orcish Mines.
You worshipped Kikubaaqudgha.
Kikubaaqudgha was exalted by your worship.
You were very full.

You visited 4 branches of the dungeon, and saw 20 of its levels.
You also visited: Labyrinth.

You collected 1792 gold pieces.
You spent 1086 gold pieces at shops.

Inventory:

Hand Weapons
 a - a +1 whip of electrocution
 c - a +0 blowgun {@w1}
 d - the +11 flail of Wattaj {venom, Str+3 Int+3}
   (You took it off a minotaur in a labyrinth)

   It poisons the flesh of those it strikes.
   It affects your strength (+3).
   It affects your intelligence (+3).
 o - a +4 demon whip of pain (weapon)
Missiles
 g - 90 poisoned needles
 C - 11 javelins
 T - 5 tomahawks
 X - 2 steel tomahawks (quivered)
Armour
 k - a +0 pair of boots (worn)
 q - a +0 swamp dragon armour (worn)
 x - a +2 pair of gloves (worn)
 B - a +0 cloak of invisibility (worn)
 U - a +2 helmet of intelligence (worn)
Rods
 n - a +3 iron rod (11/11)
   (You found it in a labyrinth)
Jewellery
 u - an uncursed ring of sustain attributes
 w - an uncursed ring of resist corrosion
 D - an amulet of the gourmand (around neck)
 F - an uncursed ring of protection from fire
 I - a +3 ring of intelligence (right hand)
 M - a ring of protection from magic (left hand)
Wands
 i - a wand of teleportation (3/9) {@v4}
 p - a wand of iceblast (7/15)
 v - a wand of lightning (7/15)
 A - a wand of confusion (21/48)
 G - a wand of digging (14/24)
 O - a wand of teleportation (5/9) {@v4}
 Q - a wand of lightning (4/15)
 R - a wand of polymorph (8/24)
 V - a wand of paralysis (24/24)
Scrolls
 h - 4 scrolls of remove curse {@r2}
 j - a scroll of teleportation {@r4}
 l - 3 scrolls of magic mapping
 s - 5 scrolls of identify {@r1}
 t - 2 scrolls of recharging
 z - a scroll of fog
Potions
 b - 2 potions of curing {@q1}
 m - a potion of heal wounds {@q2}
 r - 3 potions of might
 E - 4 potions of invisibility
 H - a potion of haste {@q3}
 L - 2 potions of magic
 N - a potion of cancellation
 P - a potion of brilliance
 S - a potion of resistance
 W - 2 potions of flight
Miscellaneous
 J - a fan of gales
Comestibles
 e - 6 bread rations {@e1}
 f - 5 meat rations {@e1}
 y - 42 fruits {@e2}
 K - 8 chunks of flesh
 Y - 17 royal jellies {@e3}
 Z - 4 beef jerkies {@e2}


   Skills:
 + Level 9.0 Fighting
 * Level 7.9 Maces & Flails
 + Level 5.1 Armour
 + Level 14.5 Dodging
 - Level 2.4 Stealth
 + Level 12.5 Spellcasting
 * Level 14.5 Necromancy
 + Level 5.9 Ice Magic
 - Level 8.0 Evocations


You had 6 spell levels left.
You knew the following spells:

 Your Spells              Type           Power        Failure   Level  Hunger
c - Regeneration          Chrm/Necr      ######....   1%          3    None
d - Animate Dead          Necr           N/A          1%          4    None
n - Animate Skeleton      Necr           N/A          0%          1    None
p - Dispel Undead         Necr           #######.     1%          5    None
t - Corpse Rot            Necr           N/A          1%          2    None
u - Simulacrum            Ice/Necr       #######...   1%          6    ####...
v - Vampiric Draining     Necr           #######...   1%          3    None
y - Agony                 Necr           #######.     1%          5    None
z - Pain                  Necr           ####         0%          1    None
Y - Sublimation of Blood  Necr           #######...   1%          2    None


Dungeon Overview and Level Annotations

Branches:
Dungeon (11/15)            Temple (1/1) D:5            Lair (6/6) D:8
  Swamp (0/4) Lair:4       Spider (0/4) Lair:4        Slime (0/5) Lair:5
    Orc (2/2) D:10
    Elf: Orc:2

Altars:
Ashenzari
Cheibriados
Dithmenos
Elyvilon
Fedhas
Gozag
Hepliaklqana
Kikubaaqudgha
Makhleb
Nemelex Xobeh
Okawaru
Pakellas
Qazlal
Ru
Sif Muna
Trog
Uskayaw
Vehumet
Xom
Yredelemnul
Zin
The Shining One
Jiyva

Shops:
D:5 =*!(   D:6 *((*

Annotations:
D:4 exclusion: downstairs
D:9 Multipenetrator's ghost, novice DrCj
Lair:5 2 runed doors
Orc:2 Saint Roka


Message History

* * * LOW HITPOINT WARNING * * *
Unknown command.
You feel much better.
The orc warrior hits you from afar with a trident!
* * * LOW HITPOINT WARNING * * *
The orc warrior hits you but does no damage.
The orc warrior hits your orc simulacrum with a hand axe!!
Your orc simulacrum vapourises!
The orc sorcerer casts a spell.
Saint Roka calls down the wrath of Beogh upon you.
Beogh smites you!
* * * LOW HITPOINT WARNING * * *
Unknown command.
Okay, then.
Unknown command.
As you read the scroll of teleportation {@r4}, it crumbles to dust.
You feel strangely unstable.
The orc warrior hits you from afar with a trident!!
You die...
Kikubaaqudgha rasps: "You have failed me!
Welcome... death!"

░░░.............░░
░░.░░░.........░░
░░.░░.░......o░░░
░.......oo.o....░ ░
░░.......oo.....░
░░.░░....§oo░.....░░
░€.^....ooo░░.€.....
░░.....÷o§░░........░
.......÷e†░░░....€...
..........†.░ ░░..o..
.€.......░.░░ .oo..
............░ ░░oo.
..........░.░
░░.........░░
░░........ ..........
.......


You could see Saint Roka, 2 orc sorcerers, 4 orc warriors and 4 orcs.

Vanquished Creatures
  Snorg (Orc:2)
  A minotaur (Lab)
  3 catoblepae (Lair:6)
  10 hydras
  The ghost of CcS the Slicer, a novice MiFi of Uskayaw (D:8)
  2 centaur warriors
  23 death yaks
  An unseen horror (D:9)
  2 hill giants (D:10)
  The ghost of esc the Slasher, a novice MiGl of Elyvilon (D:6)
  Pikel (D:6)
  Joseph (Lair:1)
  A cyclops (D:9)
  A black mamba (Lair:6)
  15 spiny frogs
  A torpor snail (Lair:6)
  9 komodo dragons
  A rime drake (Lair:4)
  A queen bee (Orc:1)
  5 trolls
  A giant leech (Lair:4)
  A polar bear (Lair:4)
  Prince Ribbit (D:5)
  10 blink frogs
  Sigmund (D:6)
  3 wraiths (Lair:5)
  A wyvern (D:11)
  2 vampires
  7 basilisks
  53 yaks
  7 hippogriffs
  3 steam dragons
  A hungry ghost (D:10)
  A mottled dragon (D:11)
  An insubstantial wisp (D:11)
  A soldier ant (D:11)
  10 water moccasins
  8 porcupines
  3 ice beasts
  5 sky beasts
  10 orc warriors
  2 phantoms
  2 eyes of draining
  7 necrophages
  2 wasps
  13 ogres
  10 wolves
  7 centaurs
  21 crocodiles
  5 big kobolds
  18 giant frogs
  Blork the orc (D:5)
  2 gnoll sergeants
  A wyvern zombie (D:9)
  A water moccasin zombie (D:8)
  A water moccasin skeleton (D:9)
  5 scorpions
  29 killer bees
  14 wights
  6 electric eels
  A vampire bat (Lair:6)
  5 crimson imps
  2 howler monkeys (D:7)
  2 jellies
  A wasp zombie (D:7)
  A giant frog zombie (D:6)
  5 hounds
  12 orc priests
  3 centaur skeletons
  4 giant frog skeletons
  18 orc wizards
  12 worker ants
  16 iguanas
  26 sheep
  A hound zombie (D:7)
  A hound skeleton (D:7)
  Robin (D:2)
  A worker ant zombie (D:9)
  A howler monkey skeleton (D:9)
  8 gnolls
  32 river rats
  10 adders
  A shadow imp (D:8)
  2 oozes
  3 adder skeletons
  3 adder zombies
  8 worms
  5 dart slugs
  8 giant geckos
  67 orcs
  10 bats
  7 giant cockroaches
  13 goblins
  9 hobgoblins
  18 jackals
  A ball python (D:1)
  A giant gecko skeleton (D:5)
  3 giant newts
  19 kobolds
  2 quokka zombies
  5 rats (D:3)
  A fungus (D:8)
707 creatures vanquished.

Vanquished Creatures (collateral kills)
  Josephine (Lair:5)
  Harold (Lair:1)
  A wizard (D:9)
  A yak (Lair:5)
  A warg (Orc:2)
  An insubstantial wisp (D:11)
  A sky beast (D:11)
  An orc warrior (D:7)
  An ice beast (D:5)
  A wight (D:9)
  A hound (D:9)
  An orc priest (Orc:2)
  An orc wizard (D:7)
  A worker ant (D:7)
  2 orcs
16 creatures vanquished.

Vanquished Creatures (others)
  4 slaves (D:7)
  An ogre (D:9)
  A scorpion (D:7)
  2 wights (D:7)
  A hound (D:4)
  A gnoll (D:4)
  2 shadow imps (D:7)
  3 orcs (D:7)
  A ball python (D:4)
  A giant cockroach (D:4)
  A giant gecko skeleton (D:4)
  18 fungi
  45 plants
  2 withered plants (D:9)
83 creatures vanquished.

Grand Total: 806 creatures vanquished

Notes
Turn   | Place    | Note
--------------------------------------------------------------
     0 | D:1      | utis the Deep Elf Necromancer began the quest for the Orb.
     0 | D:1      | Reached XP level 1. HP: 10/10 MP: 6/6
    92 | D:1      | Reached skill level 5 in Necromancy
   676 | D:1      | Reached XP level 2. HP: 15/15 MP: 6/8
   696 | D:1      | Learned a level 1 spell: Animate Skeleton
  1611 | D:2      | Found a faded altar of an unknown god.
  1718 | D:2      | Reached XP level 3. HP: 18/19 MP: 6/9
  2005 | D:2      | Learned a level 3 spell: Vampiric Draining
  2009 | D:2      | Learned a level 3 spell: Regeneration
  2408 | D:2      | Found a shattered altar of Ashenzari.
  2413 | D:2      | Found a hide-covered altar of Uskayaw.
  2461 | D:2      | Noticed Robin
  2490 | D:2      | Killed Robin
  2538 | D:2      | Reached skill level 1 in Fighting
  2598 | D:2      | Reached XP level 4. HP: 25/25 MP: 11/11
  3453 | D:3      | Reached XP level 5. HP: 27/30 MP: 6/12
  3769 | D:3      | Reached XP level 6. HP: 33/36 MP: 9/13
  4450 | D:4      | Reached skill level 5 in Dodging
  5164 | D:4      | Found a shimmering altar of Xom.
  5508 | D:5      | Entered Level 5 of the Dungeon
  5513 | D:5      | Noticed Prince Ribbit
  5552 | D:5      | Found Tiahaont's Assorted Antiques.
  5570 | D:5      | Found Dedussith's Distillery.
  5574 | D:5      | Noticed an ice beast
  5589 | D:5      | Killed an ice beast
  5589 | D:5      | Reached skill level 5 in Spellcasting
  5589 | D:5      | Reached XP level 7. HP: 19/41 MP: 5/16
  5788 | D:5      | Bought a potion of heal wounds for 60 gold pieces
  5788 | D:5      | Bought a potion of curing for 36 gold pieces
  5788 | D:5      | Bought a potion of heal wounds for 60 gold pieces
  5788 | D:5      | Bought a potion of agility for 48 gold pieces
  5827 | D:5      | Found Igyox's Antique Weapon Shop.
  6223 | D:5      | Learned a level 4 spell: Control Undead
  6447 | D:5      | Found a staircase to the Ecumenical Temple.
  6587 | D:5      | Noticed Blork the orc
  6599 | D:5      | Killed Blork the orc
  6644 | D:5      | Found Ereifos's Jewellery Boutique.
  6813 | Temple   | Entered the Ecumenical Temple
  6945 | Temple   | Became a worshipper of Kikubaaqudgha
  7275 | D:6      | Found Rymiq's Weapon Boutique.
  7292 | D:6      | Noticed esc's ghost (novice MiGl)
  7296 | D:6      | Found Nuar's Assorted Antiques.
  7549 | D:5      | Got a scorched great sword
  7712 | D:5      | Killed Prince Ribbit
  7712 | D:5      | Reached XP level 8. HP: 25/48 MP: 3/19
  7907 | D:5      | gaaaaaaaah
  8190 | D:6      | Found a sacrificial altar of Ru.
  8191 | D:6      | Found Goklo's Assorted Antiques.
  8199 | D:6      | Noticed Sigmund
  8209 | D:6      | Killed Sigmund
  8401 | D:6      | Found Willuar's Weapon Boutique.
  8693 | D:6      | Found a sacrificial altar of Ru.
  8902 | D:7      | Reached skill level 5 in Fighting
  8927 | D:7      | Noticed Pikel
  8936 | D:6      | Killed Pikel
  8936 | D:6      | Reached XP level 9. HP: 39/53 MP: 3/20
  9033 | D:6      | Identified the cursed +0 great sword of the Lame Duck {freeze, rElec Str+3} (You found it on level 5 of the Dungeon)
  9067 | D:6      | Killed esc's ghost
  9160 | D:6      | Found a radiant altar of Vehumet.
  9207 | D:6      | Paralysed by a wasp for 1 turns
  9449 | D:7      | Found a deep blue altar of Sif Muna.
  9477 | D:7      | Reached * piety under Kikubaaqudgha
  9477 | D:7      | Received a gift from Kikubaaqudgha
  9499 | D:7      | Identified Kikubaaqudgha's Tome of Unholy Rites (Kikubaaqudgha gifted it to you on level 7 of the Dungeon)
  9521 | D:7      | Learned a level 2 spell: Corpse Rot
  9526 | D:7      | Learned a level 4 spell: Animate Dead
  9529 | D:7      | Learned a level 2 spell: Sublimation of Blood
  9597 | D:7      | Reached skill level 1 in Armour
  9928 | D:7      | HP: 2/54 [orc warrior/scimitar (27)]
 10058 | D:6      | Upgraded the game from 0.19-a0-593-gf2cdb02 to 0.19-a0-607-g42021f0
 10168 | D:6      | Reached skill level 1 in Maces & Flails
 10184 | D:7      | Found a burning altar of Makhleb.
 10752 | D:8      | Noticed CcS's ghost (novice MiFi)
 10871 | D:8      | Killed CcS's ghost
 10871 | D:8      | Reached skill level 10 in Dodging
 10871 | D:8      | Reached XP level 10. HP: 36/60 MP: 15/22
 11115 | D:8      | Got a dazzling chain mail
 11186 | D:8      | Found a staircase to the Lair.
 11286 | D:8      | Reached ** piety under Kikubaaqudgha
 11417 | D:8      | Found a deep blue altar of Sif Muna.
 11513 | D:8      | Identified the cursed +0 chain mail "Miet Zop" {+Blink rCorr Stlth+} (You found it on level 8 of the Dungeon)
 11672 | D:9      | Noticed a wizard
 11750 | D:8      | Reached skill level 10 in Necromancy
 12173 | D:9      | Noticed Multipenetrator's ghost (novice DrCj)
 12173 | D:9      | Paralysed by a wizard for 4 turns
 12434 | D:9      | Found a white marble altar of Elyvilon.
 12493 | D:9      | Paralysed by a wizard for 6 turns
 12508 | D:9      | Killed a wizard
 12977 | D:9      | Noticed a cyclops
 13060 | D:9      | Killed a cyclops
 13304 | D:9      | Noticed a centaur warrior
 13332 | D:9      | gaaaah
 13359 | D:9      | Killed an unseen horror
 13813 | D:9      | Paralysed by a wasp for 2 turns
 14047 | D:9      | Killed a centaur warrior
 14047 | D:9      | Reached XP level 11. HP: 51/66 MP: 20/24
 14496 | D:9      | Found a sparkling altar of Nemelex Xobeh.
 14857 | D:10     | Entered Level 10 of the Dungeon
 15447 | D:10     | Upgraded the game from 0.19-a0-607-g42021f0 to 0.19-a0-659-g8260ecf
 15480 | D:10     | Reached *** piety under Kikubaaqudgha
 15480 | D:10     | Received a gift from Kikubaaqudgha
 15483 | D:10     | Identified Kikubaaqudgha's Disquisition on Darkness (Kikubaaqudgha gifted it to you on level 10 of the Dungeon)
 15490 | D:10     | Learned a level 5 spell: Dispel Undead
 15944 | D:10     | Found a staircase to the Orcish Mines.
 16524 | D:10     | Reached skill level 10 in Spellcasting
 16531 | D:10     | Learned a level 5 spell: Agony
 16717 | D:10     | Noticed a hill giant
 16729 | D:10     | Killed a hill giant
 17336 | D:10     | Noticed a hill giant
 17344 | D:10     | Killed a hill giant
 18152 | Orc:1    | Entered Level 1 of the Orcish Mines
 18880 | D:5      | Bought a runed demon whip for 450 gold pieces
 18881 | D:5      | meh
 19610 | D:11     | Reached XP level 12. HP: 72/72 MP: 6/28
 19978 | D:11     | Noticed a centaur warrior
 20002 | D:11     | Killed a centaur warrior
 20165 | D:11     | Noticed a six-headed hydra
 20195 | D:11     | Killed a six-headed hydra
 20551 | D:11     | Reached **** piety under Kikubaaqudgha
 21370 | Lair:1   | Entered Level 1 of the Lair of Beasts
 21371 | Lair:1   | Upgraded the game from 0.19-a0-659-g8260ecf to 0.19-a0-675-gf8984cf
 21969 | Lair:1   | Reached skill level 5 in Maces & Flails
 22004 | Lair:1   | Noticed Joseph
 22028 | Lair:1   | Killed Joseph
 22336 | Lair:1   | Noticed a six-headed hydra
 22348 | Lair:1   | Killed a six-headed hydra
 22869 | Lair:1   | Noticed Harold
 23035 | Lair:1   | Killed Harold
 23035 | Lair:1   | Reached skill level 5 in Armour
 23380 | Lair:2   | Found a labyrinth entrance.
 23397 | Lab      | Entered a labyrinth
 23540 | Lab      | Noticed a minotaur
 23549 | Lab      | HP: 1/73 [minotaur/bloodstained flail {venom} (32)]
 23553 | Lab      | Killed a minotaur
 23555 | Lab      | Got a bloodstained flail {venom}
 23556 | Lab      | Identified the +11 flail of Wattaj {venom, Str+3 Int+3} (You took it off a minotaur in a labyrinth)
 23560 | Lab      | Identified the Incunabulum of Conjuration
 23560 | Lab      | Got a polished scimitar
 23560 | Lab      | Got an ancient spear
 23562 | Lab      | Identified the +7 spear "Roapnuo" {drain, Fragile +Fly Stlth+} (You found it in a labyrinth)
 23563 | Lab      | Identified the +9 scimitar of Spontaneous Combustion {venom, Dex+5} (You found it in a labyrinth)
 23672 | Lair:2   | Learned a level 6 spell: Simulacrum
 23724 | Lair:2   | Noticed a six-headed hydra
 23733 | Lair:2   | Killed a six-headed hydra
 24259 | Lair:2   | Reached XP level 13. HP: 78/78 MP: 30/30
 24949 | D:6      | Bought a scroll labeled ESA VOIGAYLO for 25 gold pieces
 24949 | D:6      | Bought a glowing helmet for 112 gold pieces
 25058 | D:5      | Bought a square silver amulet for 100 gold pieces
 25058 | D:5      | Bought a scroll labeled BOSOIXZ KAISH for 20 gold pieces
 25061 | D:5      | Upgraded the game from 0.19-a0-675-gf8984cf to 0.19-a0-687-g35db334
 25288 | D:6      | Bought a scroll of magic mapping for 94 gold pieces
 25288 | D:6      | Bought a scroll of teleportation for 81 gold pieces
 25692 | Lair:3   | Reached skill level 5 in Evocations
 27785 | Lair:4   | Found a staircase to the Swamp.
 28278 | Lair:4   | Reached ***** piety under Kikubaaqudgha
 28768 | Lair:4   | Found a hole to the Spider Nest.
 30184 | Lair:4   | Found a hole to the Spider Nest.
 30194 | Lair:4   | Found a staircase to the Swamp.
 31132 | Lair:5   | Noticed Josephine
 31156 | Lair:5   | Killed Josephine
 31385 | Lair:5   | Found a runed door.
 31385 | Lair:5   | Found a viscous altar of Jiyva.
 31389 | Lair:5   | Found a staircase to the Slime Pits.
 32963 | Lair:5   | Found a runed door.
 32963 | Lair:5   | Found a viscous altar of Jiyva.
 32964 | Lair:5   | Found a staircase to the Slime Pits.
 33156 | Lair:5   | Reached XP level 14. HP: 73/84 MP: 9/31
 33461 | Lair:6   | Entered Level 6 of the Lair of Beasts
 34523 | Lair:6   | crap
 35503 | Lair:6   | Got a translucent leather armour
 35558 | Lair:6   | Identified the +3 leather armour of Noon {+Inv Str+3} (You found it on level 6 of the Lair of Beasts)
 36280 | Lair:5   | Reached ****** piety under Kikubaaqudgha
 36283 | Lair:5   | Identified a +4 demon whip of pain (a +2 demon whip of venom bloodied by Kikubaaqudgha)
 36283 | Lair:5   | Received a gift from Kikubaaqudgha
 36466 | Lair:6   | Reached skill level 1 in Ice Magic
 37053 | Lair:6   | Got a smoking ruby amulet
 37054 | Lair:6   | Identified the amulet "Ticzen" {Harm *Drain MR+} (You found it on level 6 of the Lair of Beasts)
 37330 | Orc:1    | Reached skill level 5 in Ice Magic
 37838 | Orc:2    | Entered Level 2 of the Orcish Mines
 38035 | Orc:2    | Noticed Snorg
 38054 | Orc:2    | Killed Snorg
 38136 | Orc:2    | Noticed Saint Roka
 38164 | Orc:2    | Mangled by an orc warrior

Vault maps used:
D:1:      dpeg_arrival_court, fountainhead, minmay_misc_feat_rows
D:2:      amethyst_overflow_temple_binary, serial_glass, glass_columns_a,
          glass_columns_c, glass_columns_a, glass_columns_a, glass_columns_c,
          glass_columns_b, item_on_display_a, due_unseen_surprise,
          item_on_display_a, item_on_display_a, ecumenical_altar_2, uniq_robin
D:3:      first_bread
D:4:      xom_confusion_cloud
D:5:      minmay_temple_entry_poolview, serial_shops, shop, shop, shop, shop,
          minmay_misc_feat_iff, uniq_blork_the_orc, uniq_prince_ribbit1
D:6:      minitemple, serial_shops, nicolae_shop_trees, shop, shop,
          shop_fountains, nicolae_ru_path_of_blood, uniq_sigmund
D:7:      lemuel_round_altar, basic_altar, uniq_pikel
D:8:      dpeg_oklobed_lair, basic_altar, blue_anna_alchemist
D:9:      nemelex_xobeh_ov_fountains_minmay, serial_undead, serial_undead_e,
          serial_undead_f, serial_undead_f, serial_undead_a, serial_undead_b,
          serial_undead_c, elyvilon_altar_3
D:10:     erik_orc_2
D:11:     hangedman_misty_isle
Temple:   nicolae_temple_elliptical
Lair:1:   grunt_forest_stairs_basic, grunt_forest_large_clearings,
          grunt_megastairs_2, serial_bayou_shore_a, uniq_joseph, uniq_harold
Lair:2:   lab_entry_generic, minivault_27, grunt_megastairs_1,
          infiniplex_staircase_pool
Lair:4:   minmay_swamp_entry_worms, nicolae_spider_entry_non_spiders,
          serial_bayou, serial_bayou_lake_a, serial_bayou_pond_e,
          serial_bayou_crossing, serial_bayou_pond_c, serial_bayou_lagoon_b,
          serial_bayou_pond_e
Lair:5:   slime_altar_2, st_stairs_3, grunt_megastairs_3,
          infiniplex_staircase_pool_2, uniq_josephine
Lair:6:   evilmike_catoblepas_cave, st_stairs_13, roderic_batcave
Orc:1:    special_room
Orc:2:    st_orc_ogre_mass, nicolae_orc_lost_temple, uniq_snorg, uniq_saint_roka
Lab:      lab_hedge, nicolae_lab_swirl, labyrinth_glass_2, lab_statue,
          lab_block, nicolae_lab_dead_end

Skill      XL: |  1  2  3  4  5  6  7  8  9 10 11 12 13 14 |
---------------+-------------------------------------------+-----
Necromancy     | 5 6 7 8 9 10 11 12 13 14 | 14.5
Fighting       | 1 2 3 4 5 6 7 8 9 |  9.0
Dodging        | 3 4 5 6 8 10 11 12 13 14 | 14.5
Spellcasting   | 5 6 7 10 11 12 | 12.5
Armour         | 2 3 4 5 |  5.1
Maces & Flails | 1 3 4 5 6 7 |  7.9
Evocations     | 2 8 |  8.0
Ice Magic      | 5 |  5.9
Stealth        | |  2.4

Action                   |  1- 3 |  4- 6 |  7- 9 | 10-12 | 13-15 || total
-------------------------+-------+-------+-------+-------+-------++-------
Melee: Spear             |    14 |   180 |   177 |    15 |       ||   386
       Whip              |       |       |   208 |  1039 |  1017 ||  2264
       Demon whip        |       |       |       |    41 |   216 ||   257
       Double sword      |       |       |       |       |     6 ||     6
 Fire: Blowgun           |       |       |     8 |    37 |       ||    45
       Shortbow          |       |       |       |    14 |       ||    14
       Longbow           |       |       |       |     1 |       ||     1
Throw: Stone             |     5 |    46 |    59 |    59 |     5 ||   174
       Javelin           |       |       |       |     8 |    22 ||    30
       Tomahawk          |       |       |       |       |    69 ||    69
 Cast: Pain              |    56 |    34 |    15 |    12 |     8 ||   125
       Vampiric Draining |       |     5 |    31 |    11 |    18 ||    65
       Control Undead    |       |       |    27 |     5 |       ||    32
       Regeneration      |       |       |    13 |    95 |   135 ||   243
       Corpse Rot        |       |       |       |    10 |       ||    10
       Agony             |       |       |       |   110 |   207 ||   317
       Dispel Undead     |       |       |       |    11 |     9 ||    20
       Animate Dead      |       |       |       |     2 |       ||     2
       Sublimation of Bl |       |       |       |     1 |    54 ||    55
       Simulacrum        |       |       |       |       |     6 ||     6
Invok: Receive Corpses   |       |       |       |     9 |     3 ||    12
       Brand Weapon With |       |       |       |       |     1 ||     1
Evoke: Wand              |       |       |       |    11 |       ||    11
       Rod               |       |       |       |     1 |    18 ||    19
  Use: Scroll            |     3 |     5 |    10 |    15 |    12 ||    45
       Potion            |       |       |       |     7 |     3 ||    10
 Stab: Sleeping          |     1 |     1 |     3 |     1 |     2 ||     8
       Distracted        |       |     1 |       |       |       ||     1
  Eat: Chunk             |     3 |     9 |     7 |    54 |    80 ||   153
       Pizza             |     1 |       |       |     2 |       ||     3
       Bread ration      |       |       |     3 |     3 |     3 ||     9
       Fruit             |       |       |     1 |     5 |     1 ||     7
       Royal jelly       |       |       |     1 |       |       ||     1
       Meat ration       |       |       |       |       |     1 ||     1
       Beef jerky        |       |       |       |       |     1 ||     1
Armor: Robe              |     3 |       |       |       |       ||     3
       Leather armour    |     1 |    30 |    45 |       |       ||    76
       Ring mail         |       |       |    62 |   339 |       ||   401
       Swamp dragon armo |       |       |       |    13 |   307 ||   320
Dodge: Dodged            |    10 |    76 |   273 |   814 |   892 ||  2065
